 Dungeon Sprint DCSS version 0.30.1-11-g7821555f0a (webtiles) character file.

Game seed: 2558976962472887361

227 Groucho the Unseen (level 5, -1/24 HPs)
             Began as a Felid Berserker on Nov 28, 2023.
             Was a Believer of Trog.
             Shot with an arrow by a centaur warrior (25 damage)
             ... in the Dungeon (Sprint I: "Red Sonja").
             The game lasted 00:01:34 (960 turns).

Groucho the Unseen (Felid Berserker)                 Turns: 960, Time: 00:01:35

Health: -1/24      AC:  2    Str: 15    XL:     5   Next: 70%
Magic:  6/6        EV: 18    Int:  8    God:    Trog [**....]
Gold:   318        SH:  0    Dex: 16    Spells: 4/4 levels left
                                        Lives:  0   Deaths: 1

rFire   . .          .
                       - Unarmed
rCold   . . .        (shield unavailable)
rNeg    . . .        (body armour unavailable)
rPois   .            (helmet unavailable)
rElec   .            (cloak unavailable)
rCorr   .            (gloves unavailable)
SInv    +            (boots unavailable)
Will    ++...        (no amulet)
Stlth   +++++++      (no ring)
HPRegen 1.24/turn    (no ring)
MPRegen 0.10/turn

%: no teleportation
@: strong-willed, regenerating, quick
A: very small, claws 1, fangs 3, see invisible, speed 1, shaggy fur 2, stealthy
paws, no weapons or thrown items, no armour, multi-lived
a: Renounce Religion, Berserk, Trog's Hand


You were in the Dungeon.
You worshipped Trog.
Trog was pleased with you.
You visited 1 branch You collected 318 gold pieces.

Inventory:

Wands
 g - a wand of roots (10)
Scrolls
 h - a scroll of enchant armour {unknown}
Potions
 a - a potion of curing
 b - a potion of heal wounds
 c - a potion of haste
 d - 2 potions of magic


   Skills:
 - Level 3.0 Fighting
 - Level 4.0 Dodging
 + Level 19.5 Stealth
 - Level 3.0 Unarmed Combat


You had 4 spell levels left.
You didn't know any spells.
Your spell library was empty.

Dungeon Overview and Level Annotations

Branches:
Dungeon (1/1)

Altars:
Cheibriados
Dithmenos
Elyvilon
Fedhas
Gozag
Hepliaklqana
Kikubaaqudgha
Nemelex Xobeh
Okawaru
Qazlal
Ru
Sif Muna
Trog
Uskayaw
Vehumet
Wu Jian
Yredelemnul
Zin
The Shining One

Shops:
D *


Innate Abilities, Weirdness & Mutations

You have sharp claws.
You have razor-sharp teeth.
You have supernaturally acute eyesight. (SInv)
You cover ground quickly. (Speed+)
You are covered in thick fur. (AC +2)
Your paws help you pounce on unaware monsters.
You are incapable of wielding weapons or throwing items.
You cannot wear armour.
You gain extra lives every three experience levels.


Message History

You completely miss the centaur warrior.
The centaur warrior hits you but does no damage.
The centaur warrior kicks you but does no damage.
The centaur warrior hits you!
The centaur warrior kicks you but does no damage.
You barely miss the centaur warrior. The centaur warrior hits you!
The centaur warrior kicks you. The centaur warrior closely misses you.
The centaur warrior misses you.
You are too injured to fight recklessly!
You are too injured to fight recklessly!
Unknown command.
Unknown command.
You claw the centaur warrior! You bite the centaur warrior.
The centaur warrior is moderately wounded.
The centaur warrior hits you. The centaur warrior kicks you.
The centaur warrior closely misses you.
The centaur warrior completely misses you.
You completely miss the centaur warrior.
Your bite misses the centaur warrior.
The centaur warrior is moderately wounded.
The centaur warrior hits you!
* * * LOW HITPOINT WARNING * * *
The centaur warrior kicks you.
* * * LOW HITPOINT WARNING * * *
The centaur warrior hits you!
You die...
The centaur warrior closely misses you.
You are now level 5!
You rejoin the land of the living...
Unknown command.
Unknown command.
There is an open door here.
Your skin crawls.
You feel strong-willed.
Found a scroll labelled QOGEOCEPSA and 6 silver boomerangs.
Found a potion of curing.
The centaur warrior wields a +0 shortbow.
The centaur warrior shoots an arrow.
The arrow hits you!!
Ouch! That really hurt!
You die...

################
#<.#..'..#..'..#
#..'))#..)..#..+
#..#####'#####'# ####
#..####..#...#.####$(#
#..#__####..##@#~§~§c#
#..#_____##'#_.'§§§§.+
#⌠⌠#_.∩...'..._#cc§§c#
####_..__##_.#'##§####
#_____###+#.# ?(!
####### ### ###


You could see 2 centaur warriors.

Vanquished Creatures
  Sigmund (D)
  A yak (D)
  An ogre (D)
  A jelly (D)
  Ijyb (D)
5 creatures vanquished.

Vanquished Creatures (others)
  A gargoyle (D)
1 creature vanquished.

Grand Total: 6 creatures vanquished

Notes
Turn   | Place    | Note
-------+----------+-------------------------------------------
     0 | D        | Groucho the Felid Berserker began the quest for the Orb.
     0 | D        | Reached XP level 1. HP: 10/10 MP: 2/2
     2 | D        | Noticed Ijyb
     7 | D        | Killed Ijyb
     8 | D        | Reached skill level 8 in Stealth
     8 | D        | Reached XP level 2. HP: 7/14 MP: 3/3
   243 | D        | Noticed an ogre
   251 | D        | Killed an ogre
   252 | D        | Reached skill level 12 in Stealth
   252 | D        | Reached XP level 3. HP: 17/17 MP: 4/4
   252 | D        | Reached XP level 4. HP: 21/21 MP: 5/5
   418 | D        | Noticed Sigmund
   431 | D        | Killed Sigmund
   431 | D        | Reached ** piety under Trog
   432 | D        | Reached skill level 17 in Stealth
   432 | D        | Reached XP level 5. HP: 23/24 MP: 6/6
   432 | D        | Gained mutation: You are covered in thick fur. (AC +2)
                  | [Felid growth]
   432 | D        | Reached XP level 6. HP: 27/28 MP: 7/7
   639 | D        | Found a shimmering blue altar of Sif Muna.
   640 | D        | Found an ornate altar of the Wu Jian Council.
   641 | D        | Found a radiant altar of Vehumet.
   680 | D        | Found Pitiboeh's Assorted Antiques.
   680 | D        | Found an ancient bone altar of Kikubaaqudgha.
   680 | D        | Found a hazy altar of Hepliaklqana.
   680 | D        | Found a stormy altar of Qazlal.
   680 | D        | Found a hide-covered altar of Uskayaw.
   680 | D        | Found a blossoming altar of Fedhas.
   680 | D        | Found a bloodstained altar of Trog.
   680 | D        | Found an iron altar of Okawaru.
   680 | D        | Found a basalt altar of Yredelemnul.
   680 | D        | Found a glowing golden altar of the Shining One.
   680 | D        | Found a snail-covered altar of Cheibriados.
   680 | D        | Found a sacrificial altar of Ru.
   680 | D        | Found a glowing silver altar of Zin.
   680 | D        | Found a shadowy altar of Dithmenos.
   680 | D        | Found a white marble altar of Elyvilon.
   680 | D        | Noticed a yak
   685 | D        | Killed a yak
   686 | D        | Reached skill level 19 in Stealth
   686 | D        | Found an opulent altar of Gozag.
   687 | D        | Found a sparkling altar of Nemelex Xobeh.
   844 | D        | Killed a gargoyle
   941 | D        | Noticed a centaur warrior
   950 | D        | Noticed a centaur warrior
   955 | D        | HP: 2/42 [centaur warrior (12)]
   955 | D        | Mangled by a centaur warrior
   956 | D        | Reached XP level 5. HP: -7/36 MP: 6/6
   960 | D        | Shot with an arrow by a centaur warrior

Illustrated notes

Levels and vault maps discovered:
D:        dungeon_sprint_1 [red_sonja_temple_1, red_sonja_temple_small_1]

Skill      XL: |  1  2  3  4  5  6 |
---------------+-------------------+-----
Stealth        | 8 12 17 19 | 19.5
Fighting       | |  3.0
Dodging        | |  4.0
Unarmed Combat | |  3.0

Action                     |  1- 3 |  4- 6 || total
---------------------------+-------+-------++-------
  Melee: Unarmed           |     8 |    18 ||    26
         Bite              |       |     2 ||     2
         Punch             |       |     1 ||     1
 Invoke: Berserk           |     2 |     2 ||     4
         Trog's Hand       |       |     1 ||     1
    Use: Scroll            |       |     1 ||     1
         Potion            |       |     1 ||     1
   Stab: Sleeping          |       |     1 ||     1
 Armour: Skin              |       |     5 ||     5
  Dodge: Dodged            |     4 |    15 ||    19
